[Event "34th GER-ch Seniors-65 2022"]
[Site "Magdeburg"]
[Date "2022.08.19"]
[Round "8.7"]
[White "Koehler, Gerhard"]
[Black "Cichy, Michael"]
[Result "1/2-1/2"]
[ECO "A30"]
[WhiteElo "2184"]
[BlackElo "2031"]
[Annotator "TA"]
[PlyCount "119"]
[EventDate "2022.08.12"]
[EventType "swiss"]
[EventCountry "GER"]
[SourceTitle "playchess.com"]
[Source "ChessBase"]
[SourceQuality "1"]
[TimeControl "40/5400+30:1800+30"]

1. c4 Nf6 2. Nc3 c5 3. g3 e6 4. Nf3 Nc6 5. Bg2 b6 6. O-O Bb7 7. b3 Be7 {[%emt 0:02:33] A30: Symmetrical English: Double Fianchetto and Hedgehog.} 8. d4 cxd4 9. Nxd4 a6 {[%emt 0:04:47] White is slightly better.} 10. Bb2 Rc8 11. Rc1 O-O 12. Qd2 {[%emt 0:03:55] [#]} d6 $146 ({Predecessor:} 12... Nxd4 13. Bxb7 Rc7 14. Bxa6 e5 15. Nb5 Nxb5 16. Bxb5 d6 17. a4 Qa8 18. Rfd1 h6 {½-½ (39) Gritsak,O (2497)-Grekh,A (2395) Lutsk 2017}) 13. Rfd1 Rc7 14. Nc2 Ne5 15. e4 Ned7 16. Qe2 Qb8 17. Nd4 Re8 18. Re1 Bf8 19. Rcd1 Ba8 20. Nc2 Bb7 (20... b5 {seems wilder.} 21. cxb5 Rec8 22. Nb4 Rxc3 23. Nxa6 Qb6) 21. f4 (21. Qd3 $14 {feels stronger.}) 21... h6 22. Rd2 g6 (22... Qa7 $11) 23. Red1 Qc8 24. e5 dxe5 25. fxe5 Bc5+ 26. Nd4 {[%emt 0:00:19] Strongly threatening Bxb7.} Bxg2 27. Kxg2 Qb7+ 28. Kg1 Nh5 {[%emt 0:03:54] [#]} (28... Nh7 $1 $11 {keeps the balance.}) 29. Ne4 $1 $16 Qa8 (29... Nxe5 $2 30. g4 Nxg4 31. Qxg4) (29... Kh7 $16 30. Rf1 Nxe5 31. Nxc5 bxc5) 30. a3 Nf8 (30... Nxe5 $2 31. Nxc5 (31. g4 Nxg4 32. Qxg4 f5 $17) 31... Rxc5 32. b4 Nxc4 33. bxc5 Nxd2 34. Rxd2 $18) 31. b4 $36 {[%emt 0:00:45][%mdl 2048] Black is under strong pressure.} Be7 32. Nd6 {[%emt 0:00:29] Against Rec8} Rb8 $2 (32... Rd8 33. Rf1 Bg5) 33. b5 (33. Rf1 $18) 33... Bg5 (33... Ng7 $16 34. bxa6 Qxa6) 34. Rd3 $18 {[%emt 0:00:11] And now Nc6 would win.} axb5 35. N4xb5 Rd7 36. h4 (36. Qf2 $142) 36... Bd8 37. Rf3 {[%emt 0:00:18] Hoping for Rdf1.} Ng7 38. g4 {[%emt 0:00:14] Threatens to win with Rdf1.} Bxh4 39. Rdf1 Rbd8 (39... Be7 $142 40. Qe3 (40. Rxf7 Bxd6 41. Nxd6 Rxf7 $16) (40. Nxf7 Bc5+ 41. Kh2 Nf5 $16) 40... h5) 40. Rxf7 (40. Nxf7 Rd2 41. Qe3 (41. Nxh6+ Kh7 $11) 41... R8d3 42. Qxd3 (42. Nxh6+ Kh7 $11) 42... Rxd3 43. Rxd3 Nf5 44. gxf5 Qe4 45. Nxh6+ Kh7 $14) 40... Nf5 $2 (40... Nh7 41. Bd4 Rxf7 42. Nxf7 Rf8) 41. Rxd7 $2 (41. Nxf5 gxf5 42. Rxd7 Rxd7 43. gxf5 Rg7+ 44. Kh2 exf5 $11) (41. gxf5 $18 {is the precise move to win.} Rxf7 42. Nxf7 Kxf7 43. Nd6+ (43. Rf4 Bg5 $11) 43... Kg8 44. fxe6) 41... Rxd7 (41... Ng3 $16 42. Qh2 Rxd7 43. Qxh4 Nxf1) 42. gxf5 {[%emt 0:00:24] The board is on fire. Active counter play!} gxf5 43. Qg2+ (43. Qf3 $18 Rg7+ 44. Kh1 Qxf3+ 45. Rxf3) 43... Rg7 $19 44. Qxg7+ Kxg7 45. Kh2 Ng6 46. Nd4 Qg8 47. N4xf5+ exf5 48. e6+ Kh7 49. Rxf5 {[%emt 0:00:37] [#]} Bg3+ $1 50. Kxg3 Ne7+ {[%emt 0:00:27][%mdl 64] Discovered Attack} 51. Kf4 Nxf5 52. Kxf5 Qg6+ (52... Qg5+ $142 53. Ke4 Qg2+ 54. Kf5 Qf2+ 55. Ke5 Qxb2+ 56. Kf5 Qf2+ 57. Ke4 Qg2+ 58. Ke5 Qg5+ 59. Ke4 Kg6) 53. Ke5 Qg3+ (53... Qg5+ $142 54. Ke4 Qg2+ 55. Kf4 Qh2+ 56. Kf5 Qxd6) 54. Kd5 Qg2+ 55. Ne4 {[%emt 0:02:01] e7 is the strong threat.} Kg6 {[%emt 0:00:24] ( -> ...Kf5)} (55... Qxb2 56. e7 Qh8 57. e8=Q (57. Nf6+ Qxf6 58. e8=Q Qg5+ 59. Kc6 Qc5+ 60. Kb7 Qxc4 $11) 57... Qxe8 58. Nf6+ Kg6 59. Nxe8 $18) 56. e7 Kf7 57. Bf6 {[%emt 0:00:09] [#]} Qh1 $2 (57... Ke8 $1 $19 {White must now prevent ...Kd7.} 58. Ke5 Qe2) 58. Ke5 $2 (58. a4 $1 $11) 58... Qa1+ 59. Kd5 Qh1 ({Worse is} 59... Qxa3 60. Nd6+ Kxf6 61. e8=Q $17) 60. Ke5 {[%emt 0:00:41][%mdl 32768] Quite a comeback for Black.  Weighted Error Value: White=0.92/Black=0.85. An unexpected result.} 1/2-1/2

[Event "34th GER-ch Seniors-65 2022"]
[Site "Magdeburg"]
[Date "2022.08.19"]
[Round "8.8"]
[White "Beilfuss, Wilfried"]
[Black "Schmidt, Gerhard"]
[Result "1/2-1/2"]
[ECO "E67"]
[WhiteElo "2154"]
[BlackElo "2100"]
[Annotator "TA"]
[PlyCount "38"]
[EventDate "2022.08.12"]
[EventType "swiss"]
[EventCountry "GER"]
[SourceTitle "playchess.com"]
[Source "ChessBase"]
[SourceQuality "1"]
[TimeControl "40/5400+30:1800+30"]

1. Nf3 Nf6 2. g3 g6 3. Bg2 Bg7 4. O-O O-O 5. d4 d6 6. c4 Nbd7 7. Nc3 e5 8. Qc2 exd4 9. Nxd4 Nb6 10. b3 $1 {[%emt 0:03:10][%mdl 4] [#] is currently scoring better than 10.Rd1.} (10. Rd1 $11) 10... d5 $146 {[%emt 0:11:05] E67: King's Indian: Fianchetto: 6...Nbd7.} (10... c5 $1 $15 {keeps the upper hand.} 11. Nf3 Bf5) ({Predecessor:} 10... c5 11. Ndb5 a6 12. Na3 Bf5 13. e4 Nxe4 14. Bxe4 Bxe4 15. Nxe4 Bxa1 16. Bg5 f6 17. Bh6 Bd4 18. Bxf8 Kxf8 {1-0 (70) Xiong,J (2685)-Demchenko,A (2654) Chess.com INT 2022}) 11. Ba3 $16 Re8 {[%emt 0:02:04] [#]} 12. cxd5 $1 {[%emt 0:05:37] White is more active.} Nfxd5 {[%emt 0:29:01] White is better.} 13. Rad1 (13. Nxd5 $16 Nxd5 14. Rad1) 13... Nxc3 $14 14. Qxc3 {[%emt 0:00:06][%cal Oc3c1] aiming for Qc1!} c6 {[%emt 0:07:09] [#]} 15. Qc1 $1 {[%emt 0:05:35][%cal Od4c6] Threatens to win with Nxc6!} Qf6 ({Not} 15... Bxd4 16. e3 $16) (15... Bd7 16. e4) 16. Rd2 Qg5 17. Bb2 Qh5 18. Nf3 Bxb2 19. Qxb2 Bh3 {[%emt 0:00:48] Weighted Error Value: White=0.19 (very precise) /Black=0.30} 1/2-1/2

[Event "34th GER-ch Seniors-65 2022"]
[Site "Magdeburg"]
[Date "2022.08.19"]
[Round "8.11"]
[White "Vasiljev, Jurij"]
[Black "Heinemann, Ernst"]
[Result "0-1"]
[ECO "A57"]
[WhiteElo "1999"]
[BlackElo "2120"]
[Annotator "TA"]
[PlyCount "95"]
[EventDate "2022.08.12"]
[EventType "swiss"]
[EventCountry "GER"]
[SourceTitle "playchess.com"]
[Source "ChessBase"]
[SourceQuality "1"]
[TimeControl "40/5400+30:1800+30"]

1. d4 Nf6 2. c4 c5 3. d5 b5 4. b3 bxc4 5. bxc4 g6 6. Bb2 Bg7 7. Nf3 {[%emt 0:02:54] A57: Benko/Volga Gambit.} O-O 8. g3 d6 ({Black should play} 8... e6 $1 $15) 9. Bg2 $11 {[%emt 0:00:29] The position is equal.} Qb6 10. Qb3 {[%emt 0:00:29] [#]} (10. Bc3 $11) 10... Nbd7 $1 $17 ({But not} 10... Ne4 11. Bxg7 Kxg7 12. O-O $11) 11. O-O {[%emt 0:04:01] [#]} Rb8 $146 ({Predecessor:} 11... Ba6 12. Nbd2 Rfb8 13. Bxf6 Nxf6 14. Rab1 Qc7 15. Qa4 Bc8 16. Rxb8 Rxb8 17. Rb1 Rxb1+ 18. Nxb1 {0-1 (32) Rodrigues,N-Medeiros,J (2258) Blumenau 2010}) 12. Nbd2 Qa6 13. Qc2 {[%emt 0:05:35] [#]} Rxb2 14. Qxb2 {[%emt 0:00:15] [#]} Nxd5 $1 15. Qc2 (15. Qb3 Bxa1) 15... Bxa1 {[%emt 0:10:12] Black is more active.} 16. Rxa1 N5f6 17. e4 Ng4 18. h3 Nge5 19. Nxe5 Nxe5 20. f4 Nc6 21. Nf3 Be6 22. Bf1 Qa3 23. Qb3 Qb4 24. Qxb4 Nxb4 ({Black should try} 24... cxb4 $19 25. g4 f6) 25. Ng5 (25. a3 $17 {keeps fighting.} Nc6 26. Rb1) 25... Bd7 $19 26. Rb1 Rb8 ({Not} 26... Nxa2 27. Ra1 Nc3 28. Rxa7 $17) 27. a3 Nc6 28. Rxb8+ Nxb8 $17 {[%emt 0:00:04][%mdl 4096] Endgame KBN-KBN} 29. Kf2 Nc6 30. Nf3 Na5 31. Ke3 Be6 32. Nd2 f6 33. h4 Bg4 34. e5 f5 ({Inferior is} 34... fxe5 35. fxe5 Kf7 36. Kf4) 35. exd6 exd6 36. Bg2 Bd1 37. Kd3 Nb3 38. Nxb3 Bxb3 {[%emt 0:00:06] KB-KB} 39. Bd5+ Kg7 40. Bf3 Kf6 41. Kc3 Ba4 42. Kd2 Bd7 43. Kc3 h6 44. Kd3 Be6 45. Ke3 $2 (45. Kc3 $17) 45... Ke7 $2 (45... Bxc4 $19 {is more deadly.} 46. Bc6 d5) 46. Kd3 Kf6 (46... Kf7 $17 47. Kc3 Ke7) 47. Kc3 (47. Ke3 $1 $11 {was the only way to keep the balance.}) 47... g5 48. Kd3 {[%emt 0:00:24] Weighted Error Value: White=0.34/Black=0.23 (precise)} 0-1

[Event "34th GER-ch Seniors-65 2022"]
[Site "Magdeburg"]
[Date "2022.08.20"]
[Round "9.1"]
[White "Klundt, Klaus"]
[Black "Buchal, Stephan"]
[Result "1/2-1/2"]
[ECO "B06"]
[WhiteElo "2288"]
[BlackElo "2230"]
[Annotator "TA"]
[PlyCount "35"]
[EventDate "2022.08.12"]
[EventType "swiss"]
[EventCountry "GER"]
[SourceTitle "playchess.com"]
[Source "ChessBase"]
[SourceQuality "1"]
[TimeControl "40/5400+30:1800+30"]

1. e4 g6 2. d4 Bg7 3. Nc3 d6 4. Be3 a6 5. Qd2 b5 6. h4 {[%emt 0:04:25] B06: Modern Defence.} Nf6 7. f3 h5 8. O-O-O c6 9. Kb1 Qc7 10. e5 dxe5 11. dxe5 Nd5 $1 {[%emt 0:01:17] [#]  Weighted Error Value: White=0.08 (flawless) /Black=0.07 (flawless)} {Predecessor:} 12. f4 $146 O-O 13. Nxd5 cxd5 14. Qxd5 Nc6 15. Qc5 Be6 16. Nf3 Qa5 17. Qxc6 Qxa2+ 18. Kc1 {0-1 (58) Tukhaev,A (2558)-Mchedlishvili,M (2602) Kocaeli 2017} 1/2-1/2

[Event "34th GER-ch Seniors-65 2022"]
[Site "Magdeburg"]
[Date "2022.08.20"]
[Round "9.2"]
[White "Vatter, Hans-Joachim"]
[Black "Polster, Wolfgang"]
[Result "1-0"]
[ECO "A26"]
[WhiteElo "2186"]
[BlackElo "2237"]
[Annotator "TA"]
[PlyCount "127"]
[EventDate "2022.08.12"]
[EventType "swiss"]
[EventCountry "GER"]
[SourceTitle "playchess.com"]
[Source "ChessBase"]
[SourceQuality "1"]
[TimeControl "40/5400+30:1800+30"]

1. c4 e5 2. Nc3 Nc6 3. g3 g6 4. Bg2 Bg7 5. d3 d6 6. Nf3 Nge7 7. Rb1 Nd4 {[%emt 0:03:47] [#] A26: English Opening vs King's Indian with ...Nc6 and d3.} 8. Nxd4 $146 ({Predecessor:} 8. Nd2 O-O 9. e3 Ne6 10. Nd5 c6 11. Nxe7+ Qxe7 12. O-O Ng5 13. b4 Bh3 14. Bxh3 Nxh3+ 15. Kg2 {0-1 (54) Gosztolya,F (2177)-Takacs,L (2282) Hungary 2002}) 8... exd4 9. Nd5 c6 {[%emt 0:05:33] The position is equal.} 10. Nxe7 Qxe7 11. O-O O-O 12. b4 Bg4 13. Re1 Qd7 14. Bf4 h6 15. c5 d5 16. a4 (16. b5 $5) 16... a6 17. Qb3 Rfe8 18. Rb2 Bf8 19. Rc2 g5 20. Bc1 Bg7 21. Qa2 Bh3 (21... Re7 $15) 22. Bb2 $11 Bxg2 23. Kxg2 a5 24. Qb3 axb4 (24... h5 $11 {remains equal.}) 25. Qxb4 $16 Re7 26. h3 g4 (26... f5 $14) 27. hxg4 ({Of course not} 27. Bxd4 $6 gxh3+ 28. Kh2 Qg4 $11) 27... Qxg4 28. f3 Qg6 29. Bxd4 f5 30. Rh1 Rae8 {[%emt 0:00:30] ...Bxd4 is the strong threat.} 31. Kf2 $1 Qg5 32. Bxg7 Qe3+ 33. Kf1 $1 Rxg7 34. Qf4 Qxf4 35. gxf4 {[%emt 0:00:30][%mdl 4096] Endgame KRR-KRR} Kh7 36. Kf2 Ra8 37. Ra1 Kg6 38. a5 Kf6 39. Rb2 Rag8 (39... d4 $16 {was worth a try.} 40. Ra4 Re7 41. Rxd4 Rxa5 42. Rd6+ Kg7) 40. d4 Rg2+ 41. Ke3 {[%emt 0:30:30] Strongly threatening Kd3.} h5 42. Kd3 (42. Rxb7 $2 Re8+ 43. Kd2 Rgxe2+ 44. Kd1 Re1+ 45. Kc2 Rxa1 $19) 42... R2g7 (42... Re8 $16 43. Rh1 (43. Rxb7 $2 Rgxe2 44. Re7 R8xe7 $19) 43... Kg6) 43. Rb6 ({White must play} 43. Rab1 $1 $18) 43... Rc7 {[%emt 0:00:30] [#]} (43... Rc8 $16 44. a6 bxa6 45. Raxa6 Rgc7) 44. Rh1 $1 $18 Rh8 45. Rh4 {[%emt 0:00:30] White is more active.} Kg6 46. Rb1 Kf6 47. Rg1 Rg7 48. Rb1 (48. Rxg7 $18 Kxg7 49. Rh1) 48... Re7 (48... Rc7 $1 $11) 49. Rbh1 $16 Reh7 50. e4 fxe4+ 51. fxe4 dxe4+ 52. Kxe4 Re8+ 53. Kf3 ({Only move:} 53. Kd3 $16) 53... Reh8 {[%emt 0:00:30] [#]} (53... Rd8 $11 {keeps the balance.}) 54. Re1 (54. Ke3 $1 $16) 54... Rd8 55. Re4 Rd5 56. Ke3 Rg7 57. Re5 Rg3+ $2 {[%emt 0:00:30][%mdl 8192] This costs Black the game.} (57... Rh7 $16 {is more resistant.}) 58. Ke4 $18 Rxe5+ (58... Rd8 $142 59. Rhxh5 Kg6) 59. dxe5+ {[%emt 0:00:30][%cal Bd4e5,Be5e6][%mdl 32] KR-KR} Kg6 60. Rh1 h4 61. Rxh4 {[%emt 0:00:30] Threatens to win with e6.} Ra3 62. Rg4+ {[%emt 0:00:30] White mates.} Kf7 63. Kf5 Rxa5 64. e6+ {[%emt 0:00:30] Weighted Error Value: White=0.20 (precise) /Black=0.53} 1-0

[Event "34th GER-ch Seniors-65 2022"]
[Site "Magdeburg"]
[Date "2022.08.20"]
[Round "9.3"]
[White "Boidman, Yuri"]
[Black "Heinig, Wolfram"]
[Result "1-0"]
[ECO "E90"]
[WhiteElo "2286"]
[BlackElo "2244"]
[Annotator "TA"]
[PlyCount "91"]
[EventDate "2022.08.12"]
[EventType "swiss"]
[EventCountry "GER"]
[SourceTitle "playchess.com"]
[Source "ChessBase"]
[SourceQuality "1"]
[TimeControl "40/5400+30:1800+30"]

1. e4 c6 2. c4 e5 3. Nf3 d6 4. d4 Nd7 5. Nc3 Ngf6 6. Be2 g6 7. O-O Bg7 8. Rb1 {[%emt 0:09:58] E90: King's Indian: Classical: Early deviations and 6 h3.} (8. Be3 $16) 8... O-O $11 9. b4 Qe7 (9... exd4 $11 10. Nxd4 Re8) 10. d5 $14 {[%emt 0:07:17] [#] White is slightly better.} cxd5 $146 ({Predecessor:} 10... a5 11. dxc6 bxc6 12. a3 axb4 13. axb4 Bb7 14. Ne1 Ne8 15. Be3 f5 16. f3 Nef6 {1-0 (49) Heindrich,J (2135)-Farkas,D (2071) Hungary 2006}) 11. cxd5 (11. Nxd5 Nxd5 12. Qxd5 (12. cxd5 f5 $11) 12... Nb6 $11) 11... Ne8 12. Qc2 (12. Bg5 $5 f6 13. Bh4 $11) 12... h6 13. Bd3 Ndf6 14. Nd2 Nh5 15. g3 (15. Nc4 $14) 15... Bh3 $15 16. Re1 Rc8 17. Be2 f5 18. Qd3 Nef6 19. f3 {[%emt 0:02:24] [#]} Qc7 (19... Nf4 $1 $15 20. gxf4 Nh5) 20. Nc4 (20. Nd1 $1 $11) 20... a6 21. b5 fxe4 (21... f4 {should be considered.} 22. gxf4 (22. Ba3 fxg3 23. Bxd6 Qd8 $11) 22... Nxf4 23. Bxf4 exf4) 22. Nxe4 $11 Nxe4 23. fxe4 Nf6 24. bxa6 bxa6 25. Rb6 {[%emt 0:03:04] Active counter play!} Ng4 26. Be3 {[%emt 0:02:09] Inhibits Qc5. Rc6 is the strong threat.} Bf6 (26... Rf6 $14) 27. Rxd6 (27. Nxd6 Nxe3 28. Nxc8 (28. Qxe3 $2 Bg5 $19) 28... Bg5 29. Rxg6+ Kh8 $17) (27. Bxg4 $18 Bxg4 28. Rc6 (28. Nxd6 Qc2 $16) (28. Bxh6 Qc5+ 29. Qe3 Qxc4 $17)) 27... Nxe3 $16 28. Qxe3 ({Better is} 28. Rc6 $1 $14 Nc2 29. Rxc7 Nxe1 30. Rxc8 $1 Nxd3 31. Rxf8+ Kxf8 32. Bxd3) 28... Bg5 {[%emt 0:01:29] A strong pair of Bishops.} (28... Qf7 $1 $11 {keeps the balance.} 29. Qxh6 Bg7) 29. Rxg6+ Kh7 30. Rxg5 (30. Qb6 $18) 30... hxg5 31. Qxg5 {[%emt 0:00:33] The board is on fire.} Qc5+ 32. Ne3 {[%emt 0:01:14] And now g4 would win.} Rf4 33. Qh5+ (33. gxf4 $2 Qxe3+ 34. Kh1 Qxe4+ 35. Kg1 Rg8 36. Qxg8+ Kxg8 $19) 33... Kg7 (33... Kg8 $16 {was necessary.} 34. Qg6+ (34. gxf4 Qxe3+ 35. Kh1 Qxe4+ 36. Qf3 Qxf3+ 37. Bxf3 exf4 $14) 34... Kf8 35. gxf4 Qxe3+ 36. Kh1 Rc1 37. Qf6+ Kg8 38. Qg6+ Kh8 39. Qh6+ Kg8 40. Qg6+ Kh8 41. Qh6+ Kg8 42. Qg6+) 34. Qxe5+ $2 (34. gxf4 Qxe3+ 35. Kh1 Qxe4+ 36. Qf3 Qxf3+ 37. Bxf3 exf4 $11) ({White should try} 34. Bf3 $18 Qc3 35. Kf2 (35. Qg5+ Kh7 $11) 35... Rxf3+ 36. Qxf3 (36. Kxf3 Rf8+ 37. Ke2 Qb2+ 38. Kd3 Qd4+ 39. Ke2 Qb2+ 40. Kd3 Qd4+ 41. Ke2 Qb2+ $11)) 34... Rf6 $11 35. Bf3 $1 {[%emt 0:02:45] Strongly threatening g4.} Qb4 $2 (35... Qb6 $1 $14) 36. Re2 $2 (36. Kf2 $18 {Black must now prevent g4.} Rc1 37. Qg5+ (37. Nf5+ Bxf5 38. exf5 Qxe1+ 39. Qxe1 Rxe1 $16) 37... Kh7 38. Qh5+ (38. Rxc1 Qd2+ 39. Kg1 Qxc1+ 40. Kf2 Qd2+ 41. Kg1 Qe1+) 38... Kg8 39. Re2 (39. Qg5+ Kh7 $18) 39... Qxe4 40. Qg5+ Qg6 41. Qxg6+ Rxg6 42. g4) 36... Rc1+ 37. Kf2 Qb1 $2 (37... Qc5 $11 38. Qg5+ Rg6 39. Qe5+ Rf6 40. Qg5+ Rg6 41. Qe5+ Rf6) 38. Qg5+ $1 $18 Rg6 39. Qe7+ Kg8 40. g4 Rf1+ {[%emt 0:05:35] [#]} 41. Nxf1 $2 (41. Kg3 $1 $18 {is the precise move to win.}) 41... Qxf1+ $16 42. Kg3 $1 (42. Ke3 $6 Qc1+ 43. Kf2 (43. Rd2 Qc3+ 44. Ke2 Rf6 $11) 43... Qf1+ 44. Kg3 (44. Ke3 Qc1+ 45. Kf2 Qf1+ $18) 44... Bxg4 45. Qe8+ (45. Bxg4 Qg1+ 46. Kf4 Qxg4+ 47. Ke3 Qg1+ 48. Rf2 Qe1+ 49. Kf3 Qc3+ 50. Ke2 Qb2+ 51. Kf1 Qc1+ 52. Ke2 Qb2+ 53. Kf1 Qc1+ 54. Ke2 Qb2+ $11) 45... Kh7 46. Qxg6+ (46. Bxg4 Qg1+ 47. Rg2 Qe3+ 48. Kh4 Qh6+ 49. Bh5 Rxg2 $11) 46... Kxg6 47. Kxg4 (47. Bxg4 Qg1+ 48. Kh4 Qc5 $16) 47... Qg1+ 48. Rg2 Qc1 $16) 42... Qg1+ $2 (42... Bxg4 $16 43. Qe8+ (43. Bxg4 Qg1+ 44. Kf3 Qxg4+ 45. Ke3 Qg1+ 46. Rf2 Qe1+ 47. Re2 Qg1+ 48. Rf2 Qe1+ 49. Re2 Qg1+ $11) 43... Kh7 44. Qf7+ (44. Bxg4 Qg1+ 45. Rg2 Qe3+ 46. Kh4 Qh6+ 47. Kg3 Qe3+ 48. Kh4 Qh6+ 49. Bh5 Rxg2 $11) 44... Kh8) 43. Kf4 $18 {[%emt 0:00:00] Threatens to win with Rc2.} ({But not} 43. Kxh3 $2 Rh6+ 44. Qh4 Qf1+ 45. Kg3 Rxh4 46. Kxh4 Qxf3 $19) 43... Bxg4 44. Qd8+ (44. Rg2 Qc1+ 45. Kg3 Bxf3+ 46. Kxf3 Qc3+ 47. Kf2 Qd2+ 48. Kf3 Qxg2+ 49. Ke3 Qg1+ 50. Kd3 Qf1+ 51. Kd4 Qf2+ 52. Kc3 Rh6 53. Qd8+ Qf8 54. Qg5+ Qg7+ 55. Qxg7+ Kxg7 $19) 44... Kg7 {[%emt 0:00:00] [#]} 45. Qc7+ $1 Kg8 46. Rg2 {[%emt 0:00:00] Weighted Error Value: White=0.49/Black=0.37} 1-0

[Event "34th GER-ch Seniors-65 2022"]
[Site "Magdeburg"]
[Date "2022.08.20"]
[Round "9.6"]
[White "Syre, Christian"]
[Black "Westermann, Johannes"]
[Result "1/2-1/2"]
[ECO "D55"]
[WhiteElo "2243"]
[BlackElo "2056"]
[Annotator "TA"]
[PlyCount "50"]
[EventDate "2022.08.12"]
[EventType "swiss"]
[EventCountry "GER"]
[SourceTitle "playchess.com"]
[Source "ChessBase"]
[SourceQuality "1"]
[TimeControl "40/5400+30:1800+30"]

1. c4 e6 2. Nc3 d5 3. d4 Nf6 4. Bg5 Be7 5. e3 h6 6. Bxf6 Bxf6 7. Nf3 O-O 8. Rc1 a6 9. Bd3 dxc4 {[%emt 0:00:25] D55: Queen's Gambit Declined: 4 Bg5 Be7: Lines without ...h6 and 6...h6 7 Bxf6.} 10. Bxc4 b5 11. Bd3 Bb7 {[%emt 0:00:17] [#] White has an edge.} 12. a4 $146 (12. Ne4 $14) ({Predecessor:} 12. Be4 c6 13. Bb1 Nd7 14. Qc2 g6 15. h4 h5 16. Ne4 c5 17. Nxc5 Nxc5 18. dxc5 {0-1 (51) Nesterov,A (2484)-Nozdrachev,V (2494) Sochi 2019}) 12... bxa4 (12... c5 $15) 13. Nxa4 Nd7 14. O-O Be7 15. Qe2 Qb8 16. e4 Rc8 {[%emt 0:01:37] The position is equal.} 17. Rc2 c5 18. d5 exd5 19. exd5 Bd6 20. Bc4 Re8 21. Qd3 Qd8 22. Re2 Rxe2 23. Qxe2 Qe8 24. Re1 Qxe2 25. Rxe2 Nf6 {[%emt 0:01:19] Weighted Error Value: White=0.17 (very precise) /Black=0.12 (very precise)} 1/2-1/2

[Event "34th GER-ch Seniors-65 2022"]
[Site "Magdeburg"]
[Date "2022.08.20"]
[Round "9.8"]
[White "Schmidt, Gerhard"]
[Black "Namyslo, Holger"]
[Result "1/2-1/2"]
[ECO "B79"]
[WhiteElo "2100"]
[BlackElo "2168"]
[Annotator "TA"]
[PlyCount "39"]
[EventDate "2022.08.12"]
[EventType "swiss"]
[EventCountry "GER"]
[SourceTitle "playchess.com"]
[Source "ChessBase"]
[SourceQuality "1"]
[TimeControl "40/5400+30:1800+30"]

1. e4 c5 2. Nf3 d6 3. d4 cxd4 4. Nxd4 Nf6 5. Nc3 g6 6. Be3 Bg7 7. f3 O-O 8. Qd2 Nc6 9. Bc4 Bd7 10. O-O-O Ne5 11. Bb3 Qa5 12. Kb1 Rfc8 13. h4 h5 14. Bg5 {[%emt 0:06:38] B79: Sicilian Dragon: Yugoslav Attack, 9 Bc4 Bd7 10 0-0-0 Qa5.} Rc5 {[%emt 0:09:49] [#]} 15. f4 $146 (15. Bxf6 $16 Bxf6 16. Nd5) ({Predecessor:} 15. Bxf6 exf6 16. f4 Ng4 17. f5 Bh6 18. Qe2 gxf5 19. Nxf5 Bxf5 20. exf5 Rxc3 21. bxc3 Qxc3 {½-½ (59) Galkin,A (2587)-Malakhov,V (2605) Saint Vincent 2000}) 15... Neg4 16. f5 $2 {[%emt 0:16:46] [#]} (16. Rhe1 $11) 16... gxf5 $2 (16... Rxc3 $1 $19 17. Qxc3 (17. fxg6 Nxe4) 17... Qxc3 18. bxc3 Nxe4 19. fxg6 Nxc3+ 20. Kb2 Nxd1+ 21. Rxd1 Nf2 22. gxf7+ Kh7) 17. Nxf5 $11 {[%emt 0:02:55] The position is equal.} Bxf5 18. exf5 {[%emt 0:00:15] [#]} Rxc3 $1 19. Bxf6 {[%emt 0:05:32] [#]} (19. bxc3 $2 {loses.} Ne4 20. Qd3 Ngf2 $19) 19... Bxf6 20. bxc3 {[%emt 0:00:47] Weighted Error Value: White=0.71/Black=0.57} 1/2-1/2

[Event "34th GER-ch Seniors-65 2022"]
[Site "Magdeburg"]
[Date "2022.08.20"]
[Round "9.9"]
[White "Cichy, Michael"]
[Black "Herbrechtsmeier, Christof"]
[Result "0-1"]
[ECO "D97"]
[WhiteElo "2031"]
[BlackElo "2139"]
[Annotator "TA"]
[PlyCount "56"]
[EventDate "2022.08.12"]
[EventType "swiss"]
[EventCountry "GER"]
[SourceTitle "playchess.com"]
[Source "ChessBase"]
[SourceQuality "1"]
[TimeControl "40/5400+30:1800+30"]

1. d4 Nf6 2. Nf3 g6 3. c4 Bg7 4. Nc3 d5 5. Qb3 dxc4 6. Qxc4 O-O 7. e4 Na6 8. Be2 c5 9. d5 e6 10. O-O exd5 11. exd5 Re8 12. Rd1 Bd7 {[%emt 0:00:30][%cal Ob7b5] D97: Grünfeld: Russian System: 7 e4, replies other than 7...Bg4.} 13. Bf1 {[%emt 0:04:29] [#]} b5 $146 ({Predecessor:} 13... Qb6 14. h3 Rad8 15. Be3 Qb4 16. Qxb4 cxb4 17. Nb5 Rxe3 18. fxe3 Bh6 19. Kh2 Bxe3 20. Nbd4 {1-0 (41) Santos Latasa,J (2581)-Ivanchuk,V (2713) Caleta 2019}) 14. Qh4 ({White should try} 14. Nxb5 $14 Re4 15. Qc2) 14... b4 $11 {[%emt 0:05:42] The position is equal.} 15. Bxa6 (15. Nb5 $1 $11 {remains equal.}) 15... bxc3 $17 16. bxc3 Re4 17. Qg5 (17. Bf4 $17 Bg4 18. Qg3 (18. Qg5 $2 h6 $19)) 17... Ba4 $36 {[%emt 0:09:31][%mdl 2048] Black is on the roll.} ({And not} 17... Qa5 18. Bb7 Rae8 19. Bc6 $17) 18. Rd3 {[%emt 0:07:08][%mdl 8192] [#]} (18. Rf1 $17) 18... Qb6 $19 {[%emt 0:02:12] Black is clearly winning.} 19. c4 Qxa6 20. Bb2 Re2 21. Nd2 h6 22. Qh4 g5 23. Qg3 Rae8 24. Rf1 {[%emt 0:06:41] [#]} Rxd2 $1 25. Rxd2 Ne4 26. Qd3 Nxd2 27. Qxd2 Bxb2 28. Qxb2 Qxc4 {[%emt 0:47:04] White did not feel at home in the position after the opening.  Weighted Error Value: White=0.99/Black=0.38} 0-1